 Dungeon Crawl Stone Soup version 0.32-a0-960-g3814254bd7 (webtiles) character file.

Game seed: 730412617788229189

32 nel the Grave Robber (level 3, 0/24 HPs)
             Began as a Demonspawn Necromancer on Apr 17, 2024.
             Slain by a gnoll
             ... wielding a +0 flail
              (9 damage)
             ... on level 1 of the Dungeon.
             The game lasted 00:03:14 (661 turns).

nel the Grave Robber (Demonspawn Necromancer)        Turns: 661, Time: 00:03:15

Health: 0/24       AC:  5    Str:  8    XL:     3   Next: 8%
Magic:  8/15       EV: 11    Int: 17    God:
Gold:   41         SH:  0    Dex: 13    Spells: 5/6 levels left

rFire   . . .        d - +0 short sword
rCold   . . .        (no shield)
rNeg    . . .        h - +0 leather armour
rPois   .            (no helmet)
rElec   .            (no cloak)
rCorr   .            (no gloves)
SInv    .            (no boots)
Will    .....        (no amulet)
Stlth   ++           e - ring of magical power
HPRegen 0.24/turn    (no ring)
MPRegen 0.14/turn

%: no passive effects
@: no status effects
A: hooves 1, icy blue scales 1
a: no special abilities


You were on level 1 of the Dungeon.
You visited 1 branch of the dungeon, and saw 1 of its levels.

You collected 41 gold pieces.

Inventory:

Hand Weapons
 d - a +0 short sword (weapon)
Armour
 a - a +0 robe
 h - a +0 leather armour (worn)
Jewellery
 e - a ring of magical power (left hand)
Scrolls
 c - 2 scrolls of poison {unknown}
 f - a scroll of revelation {unknown}
 i - a scroll of enchant armour {unknown}
 j - a scroll of teleportation {unknown}
Potions
 b - a potion of magic
 g - a potion of ambrosia {unknown}


   Skills:
 + Level 2.6 Dodging
 - Level 1.7 Stealth
 - Level 2.0 Spellcasting
 + Level 5.0 Necromancy


You had 5 spell levels left.
You knew the following spells:

 Your Spells              Type           Power      Damage    Failure   Level
a - Necrotise             Necr           72%        1d7       3%          1

Your spell library contained the following spells:

 Spells                   Type           Power      Damage    Failure   Level
 Vampiric Draining        Necr           18%        2d7       11%         3
 Animate Dead             Necr           18%        N/A       34%         4
 Curse of Agony           Necr           18%        N/A       69%         5


Dungeon Overview and Level Annotations

Branches:
Dungeon (1/15)

Altars:

Shops:
D:1 :


Innate Abilities, Weirdness & Mutations

You have large cloven feet.
You are partially covered in icy blue scales. (AC +2)


Message History

The jackal bites you but does no damage.
The jackal bites you.
Your jackal skeleton barely misses the jackal.
The gnoll completely misses you.
Casting: Necrotise (safe; 3% risk of failure)
Confirm with . or Enter, or press ? or * to list all spells.
Aiming: Necrotise (safe; 3% risk of failure)
Press: ? - help, Shift-Dir - straight line, f/p - jackal
Aim: a jackal (severely wounded, ally target, chance to affect: 88%)
The jackal writhes in agony!
You kill the jackal!
The dead are walking!
The jackal bites you but does no damage.
Your jackal skeleton closely misses the gnoll.
The jackal bites you but does no damage. x2
The gnoll hits you with a +0 flail!
Unknown command.
Unknown command.
Casting: Necrotise (safe; 3% risk of failure)
Confirm with . or Enter, or press ? or * to list all spells.
Aiming: Necrotise (safe; 3% risk of failure)
Press: ? - help, Shift-Dir - straight line, f - jackal
Aim: a jackal (chance to affect: 88%)
The jackal barely resists.
Your jackal skeleton barely misses the gnoll.
The jackal closely misses you. The jackal bites you.
Your jackal skeleton bites the gnoll.
The gnoll barely misses you.
Unknown command.
Casting: Necrotise (safe; 3% risk of failure)
Confirm with . or Enter, or press ? or * to list all spells.
Aiming: Necrotise (safe; 3% risk of failure)
Press: ? - help, Shift-Dir - straight line, f/p - jackal
Aim: a jackal (chance to affect: 88%)
The jackal writhes in agony.
Your jackal skeleton bites the gnoll.
The jackal bites you.
The jackal bites you but does no damage.
Your jackal skeleton bites the gnoll but does no damage. x2
The jackal bites you but does no damage.
The jackal bites you. The gnoll hits you with a +0 flail!
You die...

# #..... ..... #..#
.#.###..# .... ...
.....#..# ...###..#
#...#... .......#
#.##.#..#.. #......#
#.##.#.....
#.Z....#+#.......##.
..###.Zg.....(........∩.
......h@......#.....#...
######h.......+.....#...
#........#.........
#........####......
#####....# #...###
##########
#....####.....#
.........###
#.............#
...........#
####.............#
...........#
#......#.........#


You could see a gnoll (ally target), 2 jackals and 2 friendly jackal skeletons.

Vanquished Creatures
  2 dart slugs (D:1)
  2 ball pythons (D:1)
  2 bats (D:1)
  An endoplasm (D:1)
  5 hobgoblins (D:1)
  5 jackals (D:1)
  3 quokkas (D:1)
  2 kobolds (D:1)
  A rat (D:1)
23 creatures vanquished.

Notes
Turn   | Place    | Note
-------+----------+-------------------------------------------
     0 | D:1      | nel the Demonspawn Necromancer began the quest for the Orb.
     0 | D:1      | Reached XP level 1. HP: 13/13 MP: 3/3
   127 | D:1      | Found Racimog's Book Boutique.
   129 | D:1      | Gained mutation: You have large cloven feet. [demonic
                  | ancestry]
   129 | D:1      | Reached XP level 2. HP: 19/19 MP: 0/5
   543 | D:1      | Found a faded altar of an unknown god.
   588 | D:1      | Gained mutation: You are partially covered in icy blue
                  | scales. (AC +2) [demonic ancestry]
   588 | D:1      | Reached XP level 3. HP: 24/24 MP: 6/6
   657 | D:1      | Reached skill level 5 in Necromancy
   661 | D:1      | Slain by a gnoll

Illustrated notes

Levels and vault maps discovered:
D:1:      pf_arrival_petrified_forest, layout_basic, serial_shops, shop,
          ebering_ecumenical_altar_mist

Skill      XL: |  1  2  3 |
---------------+----------+-----
Dodging        | 2 |  2.6
Necromancy     | 5 |  5.0
Stealth        | |  1.7
Spellcasting   | |  2.0

Action                     || total
---------------------------++-------
  Melee: Unarmed           ||     1
         Short sword       ||     6
         Kick              ||     3
   Cast: Necrotise         ||    42
 Armour: Robe              ||    13
         Leather armour    ||    16
  Dodge: Dodged            ||    18

Table legend: (Time is in decaauts)
 A = Elapsed time spent in this place.
 B = Non-inter-level travel time spent in this place.
 C = Inter-level travel time spent in this place.
 D = Time resting spent in this place.
 E = Time spent auto-exploring this place.
 F = Levels seen in this place.
 G = Mean time per level.
                   A        B        C        D        E       F      G
               +--------+--------+--------+--------+--------+-----+--------+
         Total |    660 |    660 |      0 |     16 |    472 |   1 |  660.0 |
       Dungeon |    660 |    660 |      0 |     16 |    472 |   1 |  660.0 |
               +--------+--------+--------+--------+--------+-----+--------+

Top non-repeatable levels by time:
     D:1: 660 daAuts
